 Dungeon Crawl Stone Soup version 0.30.0-5-g1a98f26d00 (webtiles) character file.

Game seed: 11722998281470052079

280 cheesebisquit the Ruffian (level 6, -2/52 HPs)
             Began as a Ghoul Gladiator on May 11, 2023.
             Slain by an ogre
             ... wielding a +0 giant club
              (21 damage)
             ... on level 4 of the Dungeon.
             The game lasted 00:07:41 (2519 turns).

cheesebisquit the Ruffian (Ghoul Gladiator)         Turns: 2519, Time: 00:07:42

Health: -2/52      AC: 11    Str: 20    XL:     6   Next: 27%
Magic:  5/5        EV:  8    Int:  3    God:
Gold:   151        SH:  0    Dex: 10    Spells: 5/5 levels left

rFire   . .          .
                       - Unarmed
rCold   + . .        (no shield)
rNeg    + + +        l - +0 chain mail
rPois   ∞            t - +2 helmet
rElec   .            (no cloak)
rCorr   .            (no gloves)
SInv    .            (no boots)
Will    ++...        (no amulet) Stlth
                     i - ring of willpower
HPRegen 0.00/turn    b - ring of willpower
MPRegen 0.09/turn

%: no passive effects
@: inhibited regen
A: claws 1, cold resistance 1, negative energy resistance 3, inhibited
regeneration, torment resistance 2, devour on kill
a: no special abilities


You were on level 4 of the Dungeon.
You visited 1 branch of the dungeon, and saw 4 of its levels.

You collected 173 gold pieces.
You spent 22 gold pieces at shops.

Inventory:

Hand Weapons
 f - a +0 flail
Missiles
 c - 2 throwing nets
 d - 4 javelins (quivered)
 k - 6 boomerangs
Armour
 l - a +0 chain mail (worn)
 t - a +2 helmet (worn)
Jewellery
 b - a ring of willpower (right claw)
 h - a ring of magical power
 i - a ring of willpower (left claw)
Scrolls
 j - a scroll of magic mapping
 p - a scroll of noise {unknown}
 q - a scroll of fear {unknown}
 r - a scroll of teleportation
 u - a scroll of poison {unknown}
 w - a scroll of fog {unknown}
Potions
 a - a potion of mutation
 e - 3 potions of flight {unknown}
 g - 5 potions of lignification
 m - 2 potions of heal wounds {unknown}
 n - 2 potions of resistance {unknown}
 o - 4 potions of curing {unknown}
 s - a potion of invisibility {unknown}
 v - a potion of attraction {unknown}


   Skills:
 + Level 3.9 Fighting
 - Level 1.8 Throwing
 - Level 2.7 Dodging
 + Level 3.2 Stealth
 * Level 5.8 Unarmed Combat


You had 5 spell levels left.
You didn't know any spells.
Your spell library contained the following spells:

 Spells                   Type           Power      Damage    Failure   Level
 Sandblast                Erth           0%         2d4       99%         1
 Passwall                 Tmut/Erth      0%         N/A       100%        2
 Static Discharge         Conj/Air       0%         2-2/arc   100%        2
 Stone Arrow              Conj/Erth      0%         3d7       100%        3
 Airstrike                Air            0%         2d(0-16)  100%        4
 Summon Lightning Spire   Summ/Air       0%         N/A       100%        4


Dungeon Overview and Level Annotations

Branches:
Dungeon (4/15)
 Temple: D:4-7

Altars:

Shops:
D:2 *


Innate Abilities, Weirdness & Mutations

You are immune to poison.
You have sharp fingernails.
Your flesh is cold resistant. (rC+)
You are immune to negative energy. (rN+++)
You do not regenerate when monsters are visible.
You are immune to unholy pain and torment.
You thrive by killing the living.


Message History

The ogre is almost dead.
The ogre hits you with a +0 giant club!
* * * LOW HITPOINT WARNING * * *
You scratch the ogre.
You kill the ogre!
You feel better.
Your Stealth skill increases to level 3!
You have reached level 6!
You are too injured to fight recklessly!
Throw: 4 javelins
Press: ? - help, Q - select action, (/) - cycle Shift-Dir - straight line, f - hobgoblin
Aim: a hobgoblin (56% to hit)
You throw a javelin.
The javelin pierces through the hobgoblin!
You kill the hobgoblin!
A quokka is nearby!
There is a stone staircase leading up here.
You climb upwards.
There is a stone staircase leading down here.
You start resting.
HP restored.
You climb downwards.
The quokka bites you but does no damage.
The quokka barely misses you.
There is a stone staircase leading up here.
You claw the quokka!
You kill the quokka!
There is a fountain of clear blue water here.
d - 4 javelins (gained 1);
c - 2 throwing nets The ogre shouts!
You scratch the ogre.
The ogre is lightly wounded.
The ogre hits you with a +0 giant club!!
Ouch! That really hurt!
You scratch the ogre.
The ogre is lightly wounded.
You claw the ogre!
The ogre is heavily wounded.
The ogre hits you with a +0 giant club!!
You die...

###........8.#.## ****,,,,,
#†...........#..# **,,,,**,,
#.<.###...####..#######,,*,***,,
#...# #.⌠.#............,,,,,*,,,
#######...#.....#####..,,,,,,,,,
#...#...#.....# **,,,,,,,,,,,
####..........# **,,,,*,,,,*,,
##.............#**,,,,,,,,,,,,,
#.............@#,,,,,,,,,**,,,,
**#.......)......O.#,,,,,,,**,,,,
.......#.[..)....................
.......#.................#....#..
...............#...........,.....
.....###..................,,.....
.....,,##.....#...##.#...,,,.#...
.....,,,.............#..####.....
,,,,,,,,..##...#r###.............


You could see an ogre.

Vanquished Creatures
  An ogre (D:4)
  A sleepcap (D:3)
  An iguana (D:4)
  5 adders
  A gnoll (D:1)
  2 worms
  3 dart slugs
  An orc (D:3)
  6 bats
  7 endoplasms
  3 giant cockroaches
  6 goblins
  10 hobgoblins
  3 jackals (D:3)
  6 quokkas
  6 ball pythons
  A frilled lizard (D:2)
  10 kobolds
  5 rats
78 creatures vanquished.

Notes
Turn   | Place    | Note
-------+----------+-------------------------------------------
     0 | D:1      | cheesebisquit the Ghoul Gladiator began the quest for the
                  | Orb.
     0 | D:1      | Reached XP level 1. HP: 17/17 MP: 0/0
   220 | D:1      | Reached XP level 2. HP: 25/25 MP: 1/1
   233 | D:1      | Reached skill level 1 in Stealth
   283 | D:1      | Reached skill level 4 in Unarmed Combat
   283 | D:1      | Reached XP level 3. HP: 30/30 MP: 2/2
   802 | D:2      | Found Huuk's General Store.
   817 | D:2      | Bought a scroll of identify for 22 gold pieces
  1155 | D:2      | Reached XP level 4. HP: 37/37 MP: 3/3
  1598 | D:3      | Reached skill level 5 in Unarmed Combat
  1598 | D:3      | Reached XP level 5. HP: 45/45 MP: 4/4
  2183 | D:4      | Noticed an ogre
  2305 | D:4      | Noticed an ogre
  2316 | D:4      | HP: 1/45 [ogre/+0 giant club (17)]
  2317 | D:4      | Killed an ogre
  2318 | D:4      | Reached XP level 6. HP: 5/52 MP: 5/5
  2519 | D:4      | Slain by an ogre

Illustrated notes

Levels and vault maps discovered:
D:1:      psy_arrival_whirlpool, layout_loops_ring, minmay_surrounded
D:2:      layout_loops_cross, serial_shops, shop
D:3:      layout_loops_ring, glass_columns_a, minmay_misc_feat_more_columns
D:4:      layout_rooms, skrybe_limestone_x, nicolae_elevator_lobby_asterisk

Skill      XL: |  1  2  3  4  5 |
---------------+----------------+-----
Stealth        | 1 2 3 |  3.2
Unarmed Combat | 4 5 |  5.8
Fighting       | 3 |  3.9
Throwing       | |  1.8
Dodging        | |  2.7

Action                     |  1- 3 |  4- 6 || total
---------------------------+-------+-------++-------
  Melee: Unarmed           |    93 |   131 ||   224
         Punch             |     2 |     3 ||     5
  Throw: Boomerang         |       |     4 ||     4
         Throwing net      |       |     3 ||     3
         Javelin           |       |     1 ||     1
    Use: Scroll            |     1 |     3 ||     4
 Armour: Ring mail         |    15 |       ||    15
         Chain mail        |    21 |    72 ||    93
  Dodge: Dodged            |    31 |    43 ||    74
